AoeStats
← El_Roger!

Arena

506541017Analyzed
4v4 RM · 19d ago on Sep 14, 2026· 57m 50s· 8 players
Game mode
Random Map
Map size
Large (8 player)
Population
200
Speed
Normal
Resources
Standard
Victory
Conquest
Starting age
Dark Age
Ending age
Imperial Age
RankedLock teamsTeams togetherTeam positionsShared explorationLock speedFull tech treeHidden civsTurbo modeCheats
Victory
Defeat
🇨🇿 Persians · Czechia
972
+16
🇲🇽 Teutons · Mexico
936
+18
🇧🇷 Mongols · Brazil
880
+20
🇬🇧 Lithuanians · United Kingdom
869
+20
🇷🇺 Byzantines · Russia
1054
-22
🇨🇱 Mongols · Chile
953
-18
🇦🇷 Poles · Argentina
939
-17
🇷🇺 Sicilians · Russia
937
-17
joaqo9909
10:52 Feudal Age
14:52 Castle Age
14:01 Double-Bit Axe
13:57 Horse Collar
19:32 Loom
22:30 Heavy Plow
24:08 Wheelbarrow
28:23 Imperial Age
26:46 Hand Cart
28:32 Forging
28:23 Scale Mail Armor
28:00 Light Cavalry
28:51 Bloodlines
29:11 Husbandry
29:48 Crop Rotation
29:19 Winged Hussar
31:16 Iron Casting
30:46 Scale Barding Armor
31:00 Elite Obuch
33:20 Capped Ram
38:03 Lechitic Legacy
40:14 Blast Furnace
39:31 Chain Mail Armor
39:36 Chain Barding Armor
39:49 Bow Saw
43:30 Plate Mail Armor
46:55 Chemistry
the._.voice
6:21 Loom
9:14 Feudal Age
9:57 Double-Bit Axe
13:43 Wheelbarrow
17:43 Castle Age
23:30 Fletching
26:29 Bodkin Arrow
31:39 Padded Archer Armor
32:17 Stone Mining
34:41 Leather Archer Armor
34:42 Forging
34:37 Scale Barding Armor
35:02 Bow Saw
35:57 Horse Collar
36:24 Scale Barding Armor
36:29 Forging
37:40 Chain Barding Armor
37:22 Gold Mining
38:07 Stone Shaft Mining
38:03 Bloodlines
37:24 Light Cavalry
38:05 Husbandry
39:00 Heavy Plow
42:40 Imperial Age
46:30 Gold Shaft Mining
46:33 Iron Casting
49:14 Elite Steppe Lancer
52:32 Bracer
52:43 Elite Skirmisher
53:29 Thumb Ring
55:14 Chemistry
Encebollado
11:29 Feudal Age
17:23 Castle Age
17:00 Horse Collar
17:07 Double-Bit Axe
18:36 Wheelbarrow
19:46 Bow Saw
19:37 Heavy Plow
19:49 Loom
21:28 Town Watch
24:54 Hand Cart
30:43 First Crusade
30:36 Forging
30:26 Scale Mail Armor
32:26 Town Patrol
33:56 Ballistics
33:27 Fletching
33:38 Padded Archer Armor
34:13 Iron Casting
33:38 Scale Mail Armor
34:13 Husbandry
34:23 Bloodlines
33:34 Light Cavalry
38:17 Chain Mail Armor
37:57 Bodkin Arrow
38:17 Chain Mail Armor
38:17 Leather Archer Armor
38:07 Scale Barding Armor
40:42 Imperial Age
40:45 Cavalier
El_Roger!
13:33 Feudal Age
17:35 Castle Age
16:20 Double-Bit Axe
16:45 Loom
16:55 Gold Mining
23:29 Wheelbarrow
24:46 Pikeman
31:43 Squires
31:29 Gambesons
31:49 Padded Archer Armor
33:03 Horse Collar
36:52 Imperial Age
34:49 Bow Saw
36:45 Hand Cart
38:35 Chemistry
37:02 Capped Ram
38:45 Gold Shaft Mining
38:14 Heavy Plow
38:43 Leather Archer Armor
44:32 Crossbowman
46:07 Forging
45:57 Scale Mail Armor
45:20 Halberdier
45:31 Arbalester
46:17 Thumb Ring
46:37 Ballistics
46:10 Fletching
alancazu
0:27 Loom
9:34 Feudal Age
10:59 Double-Bit Axe
12:06 Horse Collar
18:53 Castle Age
16:50 Stone Mining
17:03 Scale Mail Armor
17:42 Forging
22:24 Wheelbarrow
22:49 Fortified Wall
26:58 Gold Mining
31:28 Imperial Age
29:50 Iron Casting
29:30 Chain Mail Armor
29:43 Ballistics
29:55 Bow Saw
30:12 Heavy Plow
33:15 Chemistry
31:47 Man-at-Arms
32:27 Squires
32:13 Gambesons
32:59 Long Swordsman
33:24 Arson
33:56 Pikeman
33:57 Two-Handed Swordsman
35:38 Conscription
36:11 Plate Mail Armor
36:41 Blast Furnace
35:42 Padded Archer Armor
35:32 Fletching
36:44 Capped Ram
38:00 Champion
39:54 Leather Archer Armor
40:00 Halberdier
43:21 Two-Man Saw
42:09 Town Watch
45:29 Hand Cart
45:16 Town Patrol
45:49 Ring Archer Armor
45:14 Bodkin Arrow
45:48 Heavy Scorpion
46:03 Elite Skirmisher
[FNZ] F3RNZ
10:27 Feudal Age
10:48 Loom
14:57 Castle Age
25:09 Gold Mining
26:31 Double-Bit Axe
30:19 Imperial Age
27:52 Fletching
28:52 Horse Collar
29:44 Bow Saw
30:57 Ballistics
32:46 Chemistry
32:37 Capped Ram
36:26 Conscription
38:30 Siege Ram
40:31 Fortified Wall
41:28 Caravan
42:46 Heavy Camel Rider
43:26 Husbandry
43:37 Bloodlines
45:16 Light Cavalry
48:44 Pikeman
49:25 Squires
49:11 Arson
ladek23
0:28 Loom
11:11 Feudal Age
21:33 Castle Age
20:53 Wheelbarrow
20:05 Town Watch
20:15 Gold Mining
20:13 Double-Bit Axe
20:24 Horse Collar
27:08 Imperial Age
27:47 Hand Cart
28:28 Pikeman
30:27 Murder Holes
31:40 Ballistics
31:58 Heavy Plow
33:56 Crop Rotation
34:26 Squires
35:21 Bloodlines
35:12 Husbandry
35:45 Bow Saw
36:51 Stone Mining
37:05 Cavalier
40:18 Light Cavalry
41:48 Hoardings
42:03 Fletching
45:02 Citadels
45:49 Masonry
46:47 Two-Man Saw
46:04 Forging
46:00 Scale Barding Armor
45:56 Scale Mail Armor
45:52 Bodkin Arrow
45:58 Padded Archer Armor
50:44 Chain Barding Armor
53:46 Savar
neethgiE
9:34 Loom
11:20 Feudal Age
16:41 Castle Age
15:58 Double-Bit Axe
15:56 Horse Collar
25:12 Elite Skirmisher
25:57 Thumb Ring
27:26 Pikeman
28:36 Caravan
33:01 Imperial Age
32:36 Fortified Wall
34:36 Forging
35:15 Conscription
34:59 Husbandry
35:09 Bloodlines
36:10 Scale Barding Armor
37:24 Chemistry
37:19 Bow Saw
38:34 Chain Barding Armor
38:49 Iron Casting
38:33 Heavy Plow
40:40 Gold Mining
41:31 Wheelbarrow
42:00 Cavalier
54:52 Ballistics
Connection lost

Rejoining the realm…

Still unreachable

The connection could not be restored.

Session expired

The server has moved on; the page needs a fresh start.